AoeStats
← Mknolix

Nomad

510016178Analyzed
4v4 RM · 5d ago on Sep 29, 2026· 43m 21s· 8 players
Game mode
Random Map
Map size
231×231
Population
200
Speed
Normal
Resources
Standard
Victory
Conquest
Starting age
Dark Age
Ending age
Imperial Age
RankedLock teamsTeams togetherTeam positionsShared explorationLock speedFull tech treeHidden civsTurbo modeCheats
Victory
Defeat
🇨🇴 Maya · Colombia
1202
+15
🇨🇳 Huns · China
1158
+16
🇦🇷 Spanish · Argentina
1121
+18
🇨🇴 Sicilians · Colombia
1067
+20
🇨🇴 Mongols · Colombia
1303
-23
1301
-22
🇦🇷 Vietnamese · Argentina
1147
-17
🇦🇷 Italians · Argentina
903
-7
juanfer0002
4:41 Loom
13:14 Feudal Age
17:45 Castle Age
18:25 Double-Bit Axe
21:24 Fletching
22:52 Bow Saw
23:08 Crossbowman
28:11 Bodkin Arrow
30:03 Gold Mining
31:28 Padded Archer Armor
31:25 Horse Collar
32:50 Stone Mining
35:23 Ballistics
36:53 Thumb Ring
37:38 Leather Archer Armor
39:19 Wheelbarrow
44:32 Imperial Age
kacter99
12:40 Feudal Age
13:22 Horse Collar
18:00 Loom
19:41 Double-Bit Axe
27:48 Castle Age
26:05 Forging
25:56 Scale Mail Armor
25:49 Fletching
26:24 Gold Mining
26:32 Stone Mining
29:39 Wheelbarrow
28:51 Town Watch
29:39 Chain Mail Armor
32:20 Iron Casting
36:14 Pikeman
42:52 Hand Cart
43:19 Gold Shaft Mining
43:21 Stone Shaft Mining
Mknolix
11:09 Loom
13:17 Feudal Age
13:56 Double-Bit Axe
13:54 Horse Collar
15:28 Fletching
19:46 Castle Age
20:08 Padded Archer Armor
20:45 Bodkin Arrow
21:55 Fishing Lines
22:31 Husbandry
23:23 Leather Archer Armor
35:05 Wheelbarrow
34:42 Bow Saw
38:00 Bloodlines
39:09 Gillnets
40:36 Medium Warships
457276870
3:46 Loom
15:29 Feudal Age
16:16 Fishing Lines
16:28 Double-Bit Axe
19:21 Castle Age
21:26 Bow Saw
22:09 Gillnets
27:38 Wheelbarrow
27:54 Bloodlines
27:44 Husbandry
28:31 Forging
32:41 Scale Barding Armor
33:52 Fletching
38:35 Gold Mining
42:51 Imperial Age
44:31 Iron Casting
Izuru Alexandros RÆ
12:17 Feudal Age
12:50 Double-Bit Axe
15:14 Forging
18:05 Man-at-Arms
21:03 Castle Age
18:59 Gold Mining
19:55 Scale Barding Armor
19:54 Horse Collar
20:40 Bloodlines
22:08 Wheelbarrow
23:53 Light Cavalry
29:05 Husbandry
29:52 Chain Barding Armor
32:41 Iron Casting
tomicoro7367
5:34 Loom
15:35 Feudal Age
19:57 Castle Age
18:47 Stone Mining
18:43 Double-Bit Axe
20:47 Wheelbarrow
20:57 Bow Saw
30:18 Forging
33:11 Bloodlines
34:09 Scale Barding Armor
34:44 Horse Collar
35:11 Gold Mining
38:02 Iron Casting
38:19 Hand Cart
43:29 Imperial Age
40:58 Town Watch
levoilierrouge
4:11 Loom
13:30 Feudal Age
18:29 Castle Age
17:20 Fishing Lines
18:38 Fletching
19:41 Double-Bit Axe
20:24 Bodkin Arrow
25:07 Ballistics
SMNT-Chifuego
3:25 Loom
16:35 Feudal Age
21:24 Double-Bit Axe
29:47 Castle Age
28:22 Wheelbarrow
27:53 Padded Archer Armor
28:30 Fletching
30:43 Medium Warships
32:03 Leather Archer Armor
34:39 Fishing Lines
40:29 Gillnets
42:46 Bodkin Arrow
43:02 Elite Skirmisher
Connection lost

Rejoining the realm…

Still unreachable

The connection could not be restored.

Session expired

The server has moved on; the page needs a fresh start.